 Dungeon Crawl Stone Soup version 0.24.0-123-gd5b16e6ec5 (webtiles) character file.

Game seed: 10427410040642790062, levelgen mode: deterministic

7 Chiseanne the Magician (level 1, 0/13 HPs)
             Began as a Demonspawn Wizard on Jan 22, 2020.
             Slain by an adder (3 damage)
             ... on level 1 of the Dungeon.
             The game lasted 00:00:36 (300 turns).

Chiseanne the Magician (Demonspawn Wizard)           Turns: 300, Time: 00:00:36

Health: 0/13       AC:  2    Str:  7    XL:     1   Next: 83%
Magic:  2/4        EV: 12    Int: 19    God:
Gold:   0          SH:  0    Dex: 11    Spells: 5/6 levels left

rFire    . . .     SeeInvis .   (no weapon)
rCold    . . .     Gourm    .   (no shield)
rNeg     . . .     Faith    .   a - +0 robe
rPois    .         Spirit   .   b - +0 hat
rElec    .         Reflect  .   (no cloak)
rCorr    .         Harm     .   (no gloves)
MR       .....                  (no boots)
Stlth    ++........             (no amulet)
HPRegen  0.04/turn              (no ring)
MPRegen  0.09/turn              (no ring)

@: no status effects
A: no striking features
a: no special abilities


You were on level 1 of the Dungeon.
You were not hungry.

You visited 1 branch of the dungeon, and saw 2 of its levels.

Inventory:

Hand Weapons
 k - a +0 club
Missiles
 c - 11 stones (quivered)
 h - 16 poisoned darts
Armour
 a - a +0 robe (worn)
 b - a +0 hat (worn)
Jewellery
 l - an uncursed amulet of magic regeneration {unknown}
Scrolls
 e - a scroll of remove curse {unknown}
 i - 2 scrolls of identify {unknown}
Potions
 f - a potion of lignification {unknown}
 g - a potion of might {unknown}
 j - a potion of ambrosia {unknown}
Comestibles
 d - 2 rations


   Skills:
 - Level 1.7 Dodging
 - Level 1.7 Stealth
 * Level 3.2 Spellcasting
 * Level 1.5 Conjurations
   Level 1.0 Summonings
   Level 0.8 Translocations


You had 5 spell levels left.
You knew the following spells:

 Your Spells              Type           Power        Failure   Level  Hunger
a - Magic Dart            Conj           #...         9%          1    None

Your spell library contained the following spells:

 Spells                   Type           Power        Failure   Level  Hunger
 Blink                    Tloc           N/A          16%         2    ##.....
 Call Imp                 Summ           #.......     16%         2    ##.....
 Slow                     Hex            #.......     22%         2    ##.....
 Conjure Flame            Conj/Fire      #.......     32%         3    ###....
 Mephitic Cloud           Conj/Pois/Air  #.......     36%         3    ###....


Dungeon Overview and Level Annotations

Branches:
Dungeon (2/15)

Altars:


Message History

There is a stone staircase leading down here.
The adder bites you.
Casting: Magic Dart (safe; 9% risk of failure)
Confirm with . or Enter, or press ? or * to list all spells.
Aiming: Magic Dart (safe; 9% risk of failure)
Press: ? - help, Shift-Dir - straight line, f - adder
Aim: an adder The magic dart hits the adder.
The adder is moderately wounded.
The adder bites you.
* * * LOW HITPOINT WARNING * * *
Casting: Magic Dart (safe; 9% risk of failure)
Confirm with . or Enter, or press ? or * to list all spells.
Aiming: Magic Dart (safe; 9% risk of failure)
Press: ? - help, Shift-Dir - straight line, f/p - adder
Aim: an adder (moderately wounded)
The magic dart hits the adder.
The adder is moderately wounded.
The adder bites you.
You die...

..#r# #...# #.#.####.. #.#.#
###..######...###### #...#
####....†.............
#...###.......########.#####
#.....PP.P.P.P....# ... ##
#.......♣♣.♣♣.....# #.#
...##>....)♣♣...P#....# ..#
#........♣♣♣..###....#♣#♣
...
####J...P♣P....@S........ #.
#.....P♣†#####>....♣..
#...#.P...# #........
##.#.#.....# ######♣.♣
#..........# ## #.........##
..........## ..........#
.......(..#


You could see an adder.

Vanquished Creatures
  A ball python (D:1)
  A goblin (D:1)
  2 hobgoblins (D:1)
  2 frilled lizards (D:1)
6 creatures vanquished.

Notes
Turn   | Place    | Note
-------+----------+-------------------------------------------
     0 | D:1      | Chiseanne the Demonspawn Wizard began the quest for the
                  | Orb.
     0 | D:1      | Reached XP level 1. HP: 13/13 MP: 4/4
   300 | D:1      | Slain by an adder

Levels and vault maps discovered:
D:1:      onia_arrival_mini_spirals, layout_rooms, serial_forest,
          infiniplex_forest_clump_curved, infiniplex_forest_clump_long,
          infiniplex_forest_lined_4_way, infiniplex_forest_straight_4,
          infiniplex_forest_clump_long, infiniplex_forest_lined_room_,
          infiniplex_forest_straight_2, infiniplex_forest_end_2
D:2:      layout_loops_ring, old_standard_altar, minmay_fountain_box, tgw_fedhas

Action                   || total
-------------------------++-------
 Cast: Magic Dart        ||    13
Armor: Robe              ||     3
Dodge: Dodged            ||    12
